 Seeded DCSS version 0.28-a0-730-g892d06dc2c (webtiles) character file.

Game seed: 20211028 (custom seed)

98 muata the Magician (level 4, 0/32 HPs)
             Began as a Demonspawn Transmuter on Oct 28, 2021.
             Killed from afar by an orc wizard (7 damage)
             ... with a puff of flame
             ... on level 4 of the Dungeon.
             The game lasted 00:06:30 (2308 turns).

muata the Magician (Demonspawn Transmuter)          Turns: 2308, Time: 00:06:31

Health: 0/32       AC:  3    Str: 10    XL:     4   Next: 43%
Magic:  8/8        EV: 12    Int: 15    God:
Gold:   57         SH:  0    Dex: 20    Spells: 6/9 levels left

rFire   . . .      SeeInvis .   f - +3 dagger
rCold   . . .      Faith    .   (no shield)
rNeg    . . .      Spirit   .   a - +0 robe
rPois   .          Reflect  .   (no helmet)
rElec   .          Harm     .   l - +0 cloak
rCorr   .          Rampage  .   (no gloves)
Will    .....                   (no boots)
Stlth   ++........              (no amulet)
HPRegen 0.10/turn               h - +6 ring of dexterity
MPRegen 0.22/turn               (no ring)

@: wereblooded
A: demonic guardian 1, magic regeneration
a: no special abilities


You were on level 4 of the Dungeon.
You visited 1 branch of the dungeon, and saw 3 of its levels.

You collected 57 gold pieces.

Inventory:

Hand Weapons
 e - a +0 club
 f - a +3 dagger (weapon)
Armour
 a - a +0 robe (worn)
 l - a +0 cloak (worn)
Jewellery
 h - a +6 ring of dexterity (left hand)
Wands
 k - a wand of charming (9)
Scrolls
 b - a scroll of enchant weapon {unknown}
 d - a scroll of immolation {unknown}
 j - a scroll of identify {unknown}
Potions
 c - a potion of heal wounds {unknown}
 g - 4 potions of curing {unknown}
 i - a potion of ambrosia {unknown}


   Skills:
 + Level 1.2 Fighting
 - Level 1.7 Dodging
 - Level 2.8 Unarmed Combat
 + Level 3.3 Spellcasting
 - Level 3.1 Transmutations


You had 6 spell levels left.
You knew the following spells:

 Your Spells              Type           Power      Damage    Failure   Level
a - Beastly Appendage     Tmut           22%        N/A       5%          1
b - Wereblood             Tmut           11%        N/A       9%          2

Your spell library contained the following spells:

 Spells                   Type           Power      Damage    Failure   Level
 Spider Form              Tmut/Pois      3%         N/A       30%         3
 Summon Guardian Golem    Hex/Summ       2%         N/A       52%         3
 Ice Form                 Ice/Tmut       7%         N/A       71%         4
 Orb of Destruction       Conj           1%         N/A       100%        7
 Spellforged Servitor     Conj/Summ      1%         N/A       100%        7


Dungeon Overview and Level Annotations

Branches:
Dungeon (2/15)

Altars:


Innate Abilities, Weirdness & Mutations

A weak demonic guardian rushes to your aid.
You regenerate magic rapidly.


Message History

The orc is severely wounded.
Something hits you. The orc barely misses you.
You hit the orc.
You feel a bit better.
You kill the orc!
Something hits you but does no damage.
Your magical contamination has completely faded away.
You miss something. Something hits you.
The quokka twitches its whiskers.
You closely miss something. Something hits you but does no damage.
You hit something but do no damage. Something hits you. The quokka bites you.
You hit something. The quokka completely misses you.
You hear some strange, mumbled words.
Something tries to affect you, but you resist.
You hit something.
The quokka twitches its whiskers.
The quokka barely misses you. Something hits you.
The quokka twitches its whiskers.
The quokka closely misses you.
You miss something.
You howl as the wereblood boils in your veins!
Something hits you. The quokka barely misses you.
You hit something.
You howl as the wereblood boils in your veins!
You hear some strange, mumbled words.
A puff of flame appears from out of thin air!
The puff of flame hits you! The quokka closely misses you.
You hit something. Something hits you. The quokka bites you.
You hit something but do no damage.
You howl as the wereblood boils in your veins!
The quokka bites you but does no damage.
Something hits you.
* * * LOW HITPOINT WARNING * * *
You closely miss something. The quokka misses you. Something hits you.
* * * LOW HITPOINT WARNING * * *
The quokka barely misses you.
You hit something.
You hear some strange, mumbled words.
A puff of flame appears from out of thin air!
The puff of flame hits you!
You die...

. .... ....... .......
#### #....# ...# ....+
...####+#####+#...#
.............†.#..#
#..............#r{#
#..............#@)#####
#........####...........
.....)...# ############
...####.... ##.# ######
#.# #.#


You could see a quokka.

Vanquished Creatures
  2 adders
  2 dart slugs (D:2)
  2 orcs (D:4)
  6 ball pythons
  3 bats (D:1)
  4 endoplasms
  3 giant cockroaches (D:1)
  6 goblins (D:1)
  3 hobgoblins
  2 kobolds (D:1)
  A quokka (D:2)
  5 frilled lizards
  A rat (D:1)
40 creatures vanquished.

Vanquished Creatures (collateral kills)
  A jelly (D:4)
  A bat (D:2)
2 creatures vanquished.

Vanquished Creatures (others)
  3 fungi (D:4)
3 creatures vanquished.

Grand Total: 45 creatures vanquished

Notes
Turn   | Place    | Note
-------+----------+-------------------------------------------
     0 | D:1      | muata the Demonspawn Transmuter began the quest for the
                  | Orb.
     0 | D:1      | Reached XP level 1. HP: 15/15 MP: 3/3
   384 | D:1      | Gained mutation: A weak demonic guardian rushes to your
                  | aid. [demonic ancestry]
   384 | D:1      | Reached XP level 2. HP: 14/21 MP: 3/5
   685 | D:1      | Learned a level 2 spell: Wereblood
   767 | D:1      | Found a faded altar of an unknown god.
  1488 | D:2      | Reached XP level 3. HP: 21/26 MP: 4/6
  1871 | D:2      | You fall into a shaft and drop 2 floors!
  1897 | D:4      | Gained mutation: You regenerate magic rapidly. [demonic
                  | ancestry]
  1897 | D:4      | Reached XP level 4. HP: 14/32 MP: 8/8
  2308 | D:4      | Killed from afar by an orc wizard

Illustrated notes

Levels and vault maps discovered:
D:1:      kennysheep_arrival_forest, layout_basic,
          ebering_ecumenical_altar_rust, lemuel_another_geyser
D:2:      layout_basic
D:4:      layout_basic, nicolae_overflow_hidden_temple,
          mainiacjoe_overflow_boulevard, serial_shops, shop

Skill      XL: |  1  2  3 |
---------------+----------+-----
Transmutations | 2 3 |  3.1
Spellcasting   | 3 |  3.3
Fighting       | |  1.2
Dodging        | |  1.7
Unarmed Combat | |  2.8

Action                   |  1- 3 |  4- 6 || total
-------------------------+-------+-------++-------
Melee: Unarmed           |    19 |       ||    19
       Kick              |    13 |     1 ||    14
       Headbutt          |     5 |       ||     5
       Dagger            |    61 |    23 ||    84
       Club              |     2 |       ||     2
 Cast: Beastly Appendage |    14 |     1 ||    15
       Wereblood         |       |     1 ||     1
 Stab: Sleeping          |     2 |       ||     2
       Distracted        |       |     1 ||     1
Armor: Robe              |    21 |     6 ||    27
Dodge: Dodged            |    72 |    14 ||    86

Table legend: (Time is in decaauts)
 A = Elapsed time spent in this place.
 B = Non-inter-level travel time spent in this place.
 C = Inter-level travel time spent in this place.
 D = Time resting spent in this place.
 E = Time spent auto-exploring this place.
 F = Levels seen in this place.
 G = Mean time per level.
                   A        B        C        D        E       F      G
               +--------+--------+--------+--------+--------+-----+--------+
         Total |   2307 |   2283 |     24 |    641 |   1172 |   3 |  769.0 |
       Dungeon |   2307 |   2283 |     24 |    641 |   1172 |   3 |  769.0 |
               +--------+--------+--------+--------+--------+-----+--------+

Top non-repeatable levels by time:
     D:1: 1590 daAuts
     D:4: 436 daAuts
     D:2: 280 daAuts
